Map: Backwater LE

Players

hunt

  • Race: Terran Terran
  • League: Silver
  • Spawn Location: 11:00

fruitcake - Winner!

  • Race: Zerg Zerg
  • Spawn Location: 5:00

VOD

Have the link to the VOD?

Description

Time

  • Played on: May 9, 2018, 3:37 p.m.
  • Length: 10:02
Show
View Real Time Build Order
Export as new Build Order

hunt Terran 

Build Orders:  

Get SALT Encoding   

  12  0:08  SCV  
  13  0:20  SCV  
  14  0:32  SCV  
  15  0:45  Supply Depot  
  15  1:07  SCV  
  16  1:19  SCV  
  16  1:21  Barracks  
  17  1:29  Refinery  
  17  1:31  SCV  
  18  1:43  SCV  
  19  1:57  SCV  
  20  2:09  SCV  
  20  2:10  Supply Depot  
  20  2:11  Marine  
  22  2:22  SCV  
  23  2:31  Marine  
  23  2:34  SCV  
  25  2:43  Factory  
  25  2:46  SCV  
  25  2:49  Marine  
  27  2:51  Barracks  
  27  2:55  Engineering Bay  
  27  3:01  Supply Depot  
  27  3:06  Marine  
  28  3:24  Marine, Supply Depot  
  29  3:28  Hellion  
  31  3:42  Marine  
  32  3:49  Hellion  
  34  4:00  Marine  
  35  4:11  Hellion  
  37  4:18  Marine  
  38  4:30  Command Center  
  38  4:32  Hellion  
  40  4:54  Hellion  
  42  5:13  Barracks Reactor  
  42  5:14  Barracks Tech Lab  
  42  5:16  Factory Tech Lab  
  42  5:22  Bunker  
  34  5:41  Marauder  
  36  5:48  SCV  
  37  6:00  SCV  
  37  6:02  Marauder  
  37  6:04  Bunker  
  40  6:13  SCV  
  41  6:24  Marauder  
  41  6:25  SCV  
  44  6:28  Refinery  
  44  6:33  Refinery  
  44  6:34  Barracks  
  44  6:37  SCV  
  45  6:40  Siege Tank  
  45  6:45  Marauder  
  39  6:56  Marine x2  
  39  7:06  Marauder  
  16  8:13  Barracks Reactor  
  16  8:27  Supply Depot  
  16  8:36  SCV  
  17  8:48  SCV  
  17  8:49  Supply Depot  
  17  8:50  Marine x2  
  15  9:01  SCV  
  16  9:05  Engineering Bay  
  16  9:07  Marine  
  16  9:08  Marine  
  18  9:13  SCV  
  19  9:25  SCV, Marine  
  19  9:26  Marine  
Show
View Real Time Build Order
Export as new Build Order

fruitcake Zerg - Winner!

Build Orders: Pool First 

Get SALT Encoding   

  12  0:01  Drone  
  13  0:12  Overlord  
  13  0:17  Drone  
  14  0:25  Drone, Extractor  
  14  0:30  Drone  
  14  0:35  Drone  
  16  0:49  Drone  
  17  0:53  Spawning Pool  
  17  0:55  Drone  
  17  1:07  Drone  
  18  1:23  Hatchery  
  17  1:27  Drone  
  17  1:29  Drone  
  19  1:40  Queen  
  21  1:47  Zergling x2  
  21  1:50  Overlord  
  22  2:09  Zergling x2  
  23  2:28  Zergling x4  
  25  2:37  Drone  
  25  2:39  Drone  
  27  2:46  Queen  
  27  2:50  Drone  
  30  2:54  Overlord  
  30  3:06  Roach Warren  
  30  3:08  Zergling x6  
  30  3:10  Drone  
  30  3:11  Drone  
  30  3:12  Drone  
  35  3:19  Overlord  
  35  3:27  Evolution Chamber  
  35  3:31  Drone  
  35  3:32  Drone x2, Spine Crawler  
  36  3:34  Spine Crawler  
  35  3:44  Drone  
  35  3:45  Drone x3  
  39  3:55  Drone  
  40  3:58  Roach  
  40  3:59  Roach  
  40  4:00  Overlord  
  44  4:08  Overlord  
  44  4:12  Overlord  
  44  4:27  Metabolic Boost, Zerg Melee Weapons Level 1  
  44  4:33  Drone x4  
  44  4:37  Roach x5  
  58  4:47  Drone  
  58  4:50  Drone  
  60  4:55  Extractor  
  60  4:56  Lair  
  59  5:00  Ravager  
  60  5:08  Roach  
  62  5:14  Extractor  
  62  5:16  Extractor  
  62  5:17  Zergling x2  
  62  5:18  Zergling x10  
  62  5:21  Zergling x2  
  67  5:31  Overlord  
  67  5:32  Overlord  
  67  5:33  Overlord x2  
  67  5:42  Drone  
  68  5:51  Roach x2  
  68  5:52  Roach  
  68  5:53  Ravager  
  75  5:58  Zergling x6  
  75  5:59  Zergling x4  
  75  6:00  Zergling x2  
  81  6:09  Spore Crawler  
  81  6:10  Spore Crawler, Drone  
  80  6:14  Spore Crawler, Drone  
  80  6:16  Ravager  
  81  6:21  Ravager  
  79  7:05  Roach x6, Zergling x2  
  79  7:06  Roach x3, Zergling x4  
  99  7:13  Overlord  
  99  7:14  Overlord x2  
  99  7:31  Ravager  
  99  7:32  Ravager  
  101  7:52  Roach x4  
  101  7:53  Roach  
  111  8:20  Roach x2  
  115  8:40  Ravager x2  
  117  9:05  Zergling x4  
  117  9:06  Zergling x2  
  120  9:22  Infestation Pit  
Tags
 
Add a new tag
Caveats
  • Supply blocks, unpowered buildings, or Contaminate may cause inaccurate times.
  • Supply counts are checked every 10 seconds.